 Dungeon Crawl Stone Soup version 0.27.1-33-g824d729ab1 (webtiles) character file.

Game seed: 10722511120177984745

781 Atelerd the Digger (level 7, 0/41 HPs)
             Began as an Octopode Earth Elementalist on Dec 21, 2021.
             Slain by a bullfrog zombie (2 damage)
             ... in an ossuary.
             The game lasted 00:07:17 (3777 turns).

Atelerd the Digger (Octopode Earth Elementalist)    Turns: 3777, Time: 00:07:18

Health: 0/41       AC:  1    Str:  8    XL:     7   Next: 85%
Magic:  1/15       EV: 13    Int: 19    God:
Gold:   128        SH:  0    Dex: 12    Spells: 11/16 levels left

rFire    + . .     SeeInvis .   a - +0 dagger (venom)
rCold    + . .     Faith    .   (no shield)
rNeg     . . .     Spirit   .   (helmet restricted)
rPois    +         Reflect  .   (no amulet)
rElec    +         Harm     .   (no ring)
rCorr    +         Rampage  .   (no ring)
Will     .....                  (no ring)
Stlth    +++++.....             (no ring)
HPRegen  0.13/turn              (no ring)
MPRegen  0.14/turn              (no ring)
                                (no ring)
                                (no ring)

@: resistant
A: almost no armour, amphibious, 8 rings, camouflage 1, gelatinous body 1,
nimble swimmer 1, tentacles
a: no special abilities


You were in an ossuary.
You visited 1 branch of the dungeon, and saw 4 of its levels.
You also visited: Ossuary.

You collected 180 gold pieces.
You spent 52 gold pieces at shops.

Inventory:

Hand Weapons
 a - a +0 dagger of venom (weapon)
Missiles
 b - 47 stones
Scrolls
 d - a scroll of blinking
 i - a scroll of torment
 j - a scroll of summoning
 k - a scroll of amnesia
Potions
 h - a potion of degeneration


   Skills:
 - Level 2.0 Dodging
 - Level 5.0 Stealth
 + Level 5.3 Spellcasting
 - Level 2.0 Transmutations
 + Level 6.1 Earth Magic


You had 11 spell levels left.
You knew the following spells:

 Your Spells              Type           Power      Damage    Failure   Level
a - Sandblast             Erth           56%        2d13      1%          1
p - Petrify               Tmut/Erth      20%        N/A       22%         4

Your spell library contained the following spells:

 Spells                   Type           Power      Damage    Failure   Level
 Passwall                 Tmut/Erth      16%        N/A       3%          2
 Stone Arrow              Conj/Erth      32%        3d9       10%         3
 Magic Dart               Conj           20%        1d4       12%         1


Dungeon Overview and Level Annotations

Branches:
Dungeon (4/15)            Ossuary (1/1)
 Temple: D:4-7

Altars:
Dithmenos

Shops:
D:2 !

Annotations:
D:2 exclusion: downstairs


Innate Abilities, Weirdness & Mutations

You cannot wear most types of armour.
You are amphibious.
You can wear up to eight rings at the same time.
Your skin changes colour to match your surroundings (Stealth+).
Your rubbery body absorbs attacks. (AC +1, EV +1)
You are camouflaged near water. (Stealth+)
You have tentacles for arms and can constrict up to eight enemies at once.


Message History

The water moccasin zombie bites you.
* * * LOW HITPOINT WARNING * * *
Okay, then.
Casting: Sandblast (safe; 1% risk of failure)
Confirm with . or Enter, or press ? or * to list all spells.
Aiming: Sandblast (safe; 1% risk of failure)
Press: ? - help, Shift-Dir - straight line, f/p - water moccasin zombie
Aim: a water moccasin zombie (water, severely damaged, constricted by you, 100% to hit)
The blast of sand hits the water moccasin zombie!
You destroy the water moccasin zombie!
Unknown command.
Unknown command.
A bullfrog zombie is nearby!
Press: ? - help, v - describe, . - travel
Here: a bullfrog zombie The floor.
It was a potion of lignification.
You feel woody for a moment.
It was a potion of resistance.
You feel protected. The bullfrog zombie hits you.
* * * LOW HITPOINT WARNING * * *
Casting: Sandblast (safe; 1% risk of failure)
Confirm with . or Enter, or press ? or * to list all spells.
Aiming: Sandblast (safe; 1% risk of failure)
Press: ? - help, Shift-Dir - straight line, f - bullfrog zombie
Aim: a bullfrog zombie (water, 88% to hit)
The blast of sand hits the bullfrog zombie!
The bullfrog zombie is heavily damaged.
The bullfrog zombie closely misses you.
Unknown command.
Casting: Sandblast (safe; 1% risk of failure)
Confirm with . or Enter, or press ? or * to list all spells.
Aiming: Sandblast (safe; 1% risk of failure)
Press: ? - help, Shift-Dir - straight line, f/p - bullfrog zombie
Aim: a bullfrog zombie (water, heavily damaged, 88% to hit)
The blast of sand hits the bullfrog zombie!
The bullfrog zombie is severely damaged.
The bullfrog zombie hits you but does no damage.
The bullfrog zombie hits you.
You die...

### #@###
##Z#≈#
#≈MM##
#.#M#Z≈P#
≈.≈.#.≈.#
.≈≈.≈≈≈..+
###≈#####.#
#.#...#.' #
#.∩.'.###


You could see 3 mummies, a bullfrog zombie and a centaur zombie.

Vanquished Creatures
  2 ogres
  2 water moccasin zombies (Ossuary)
  6 centaur zombies (Ossuary)
  An orc wizard (D:3)
  A killer bee zombie (Ossuary)
  5 mummies (Ossuary)
  3 gnolls (D:3)
  4 adders
  An adder skeleton (D:2)
  7 worms
  2 dart slugs
  3 orcs (D:3)
  A ball python (D:1)
  6 bats
  8 endoplasms
  A giant cockroach (D:2)
  9 goblins
  4 hobgoblins (D:1)
  11 jackals
  4 kobolds
  3 quokkas
  A ball python skeleton (D:2)
  11 frilled lizards
  6 rats
  A rat zombie (D:4)
103 creatures vanquished.

Vanquished Creatures (others)
  3 withered plants (Ossuary)
3 creatures vanquished.

Grand Total: 106 creatures vanquished

Notes
Turn   | Place    | Note
-------+----------+-------------------------------------------
     0 | D:1      | Atelerd the Octopode Earth Elementalist began the quest for
                  | the Orb.
     0 | D:1      | Reached XP level 1. HP: 11/11 MP: 3/3
     2 | D:1      | Noticed a barachi
     4 | D:1      | Noticed a naga
     6 | D:1      | Noticed a troll
     6 | D:1      | Noticed a gargoyle
     8 | D:1      | Noticed a tengu
     8 | D:1      | Noticed a palentonga
    10 | D:1      | Noticed a formicid
    10 | D:1      | Noticed a felid
    12 | D:1      | Noticed a djinni
    12 | D:1      | Noticed a draconian
    14 | D:1      | Noticed a minotaur
    14 | D:1      | Noticed a dwarf
    16 | D:1      | Noticed an octopode
    16 | D:1      | Noticed a ghoul
    18 | D:1      | Noticed an ogre
    18 | D:1      | Noticed a merfolk
    20 | D:1      | Noticed a vine stalker
    20 | D:1      | Noticed a human
    22 | D:1      | Noticed a vampire
    22 | D:1      | Noticed a spriggan
    24 | D:1      | Noticed a demigod
    24 | D:1      | Noticed a demonspawn
    26 | D:1      | Noticed an elf
   322 | D:1      | Reached XP level 2. HP: 17/17 MP: 5/5
   703 | D:1      | Found a faded altar of an unknown god.
   734 | D:1      | Got Plato's Incunabulum of Combat Magic
   816 | D:1      | Reached XP level 3. HP: 16/21 MP: 6/6
  1320 | D:2      | Found Biekkuep's Distillery.
  1332 | D:2      | Noticed an ogre
  1340 | D:2      | Killed an ogre
  1341 | D:2      | Reached skill level 4 in Earth Magic
  1341 | D:2      | Reached XP level 4. HP: 21/27 MP: 1/9
  1341 | D:2      | Reached XP level 5. HP: 24/31 MP: 1/10
  1437 | D:2      | Bought a potion of curing for 39 gold pieces
  1437 | D:2      | Bought a potion of degeneration for 13 gold pieces
  2163 | D:3      | Found a shadowy altar of Dithmenos.
  2467 | D:3      | Reached XP level 6. HP: 29/36 MP: 6/11
  3368 | D:4      | Found a sand-covered staircase.
  3374 | D:4      | Reached skill level 5 in Earth Magic
  3402 | Ossuary  | Entered an ossuary
  3411 | Ossuary  | Learned a level 4 spell: Petrify
  3430 | Ossuary  | Reached XP level 7. HP: 8/41 MP: 0/13
  3445 | Ossuary  | Reached skill level 5 in Stealth
  3685 | Ossuary  | Reached skill level 5 in Spellcasting
  3743 | Ossuary  | Reached skill level 6 in Earth Magic
  3775 | Ossuary  | HP: 1/41 [bullfrog zombie (4)]
  3777 | Ossuary  | Slain by a bullfrog zombie

Illustrated notes

Levels and vault maps discovered:
D:1:      kb_arrival_jail, layout_basic, shapermc_ecumenical_altar_rom_forum,
          minmay_lizard_pond
D:2:      layout_loops_ring, serial_shops, nicolae_diamond_shop, serial_undead,
          serial_undead_b, serial_undead_a, serial_undead_d, serial_undead_b
D:3:      layout_basic, amcnicky_altar_gilded
D:4:      layout_rooms, enter_ossuary_3, serial_shops, kennysheep_little_box,
          minivault_27, uniq_ijyb
Ossuary:  ossuary_zaba_flooded

Skill      XL: |  1  2  3  4  5  6  7 |
---------------+----------------------+-----
Transmutations | 2 |  2.0
Spellcasting   | 3 4 5 |  5.3
Earth Magic    | 4 5 6 |  6.1
Stealth        | 3 4 5 |  5.0
Dodging        | |  2.0

Action                   |  1- 3 |  4- 6 |  7- 9 || total
-------------------------+-------+-------+-------++-------
Melee: Unarmed           |     4 |       |       ||     4
       Dagger            |    49 |    79 |    10 ||   138
       Tentacles         |    12 |    15 |     2 ||    29
       Constrict         |    14 |    22 |     1 ||    37
 Cast: Sandblast         |    36 |    46 |    39 ||   121
  Use: Scroll            |       |     4 |       ||     4
       Potion            |       |     1 |     2 ||     3
 Stab: Sleeping          |     4 |     7 |       ||    11
Armor: Skin              |       |    17 |     1 ||    18
Dodge: Dodged            |    39 |    60 |    18 ||   117
